 Dungeon Crawl Stone Soup version 0.29-a0-72-g1732ff48e7 (webtiles) character file.

Game seed: 3196933401407270259

3722 HallandMoats the Skirmisher (level 10, -10/53 HPs)
             Began as a Vine Stalker Fighter on Feb 3, 2022.
             Was an Elder of Okawaru.
             Killed from afar by a gargoyle (17 damage)
             ... with a stone arrow
             ... on level 8 of the Dungeon.
             The game lasted 00:12:28 (5753 turns).

HallandMoats the Skirmisher (Vine Stalker Fighter)  Turns: 5753, Time: 00:12:28

Health: -10/53     AC: 12    Str: 27    XL:     10   Next: 14%
Magic:  0/15       EV: 27    Int: 10    God:    Okawaru [****..]
Gold:   76         SH:  5    Dex: 16    Spells: 9/9 levels left

rFire   + . .      SeeInvis .   a - +2 broad axe (flame)
rCold   . . .      Faith    .   c - +0 buckler
rNeg    . . .      Spirit   +   D - +0 acid dragon scales
rPois   +          Reflect  .   (no helmet)
rElec   .          Harm     .   t - +0 cloak
rCorr   +          Rampage  .   s - +1 pair of gloves
Will    +....                   (no boots)
Stlth   +.........              m - amulet of the acrobat
HPRegen 0.97/turn               (no ring)
MPRegen 0.14/turn               n - ring of Zionla {rPois Str+4 Dex+2}

@: acrobatic
A: fangs 3, regeneration 1, magic shield, antimagic bite, no potion heal 2,
iridescent scales 1, clever 1, fire resistance 1
a: Renounce Religion, Heroism, Finesse


You were on level 8 of the Dungeon.
You worshipped Okawaru.
Okawaru was greatly pleased with you.
You visited 2 branches of the dungeon, and saw 9 of its levels.

You collected 186 gold pieces.
You spent 110 gold pieces at shops.

Inventory:

Hand Weapons
 a - a +2 broad axe of flaming (weapon)
Missiles
 j - a throwing net (quivered)
Armour
 c - a +0 buckler (worn)
 s - a +1 pair of gloves (worn)
 t - a +0 cloak (worn)
 D - +0 acid dragon scales (worn)
Jewellery
 k - a +6 ring of intelligence
 m - an amulet of the acrobat (around neck)
 n - the ring of Zionla (right hand) {rPois Str+4 Dex+2}
   (You found it on level 5 of the Dungeon)

   [ring of poison resistance]

   Str:       It affects your strength (+4).
   Dex:       It affects your dexterity (+2).
   rPois:     It protects you from poison.
 p - a ring of fire
Wands
 l - a wand of flame (5)
 o - a wand of iceblast (6)
 z - a wand of acid (9)
 A - a wand of mindburst (14)
Scrolls
 b - a scroll of teleportation
 i - a scroll of fear
 q - 2 scrolls of enchant weapon
 u - a scroll of blinking {unknown}
 v - a scroll of summoning {unknown}
 w - 4 scrolls of amnesia
 y - 3 scrolls of identify
Potions
 d - 2 potions of might
 e - a potion of haste
 f - 3 potions of brilliance
 g - 4 potions of curing
 h - a potion of cancellation
 r - a potion of magic
 x - a potion of ambrosia {unknown}
 B - a potion of degeneration {unknown}


   Skills:
 * Level 6.6 Fighting
 * Level 3.0(4.8) Axes
 + Level 5.8(6.2) Polearms
 + Level 4.5 Armour
 + Level 3.6 Dodging
 + Level 5.0 Shields
 * Level 6.5 Invocations


You had 9 spell levels left.
You didn't know any spells.
Your spell library contained the following spells:

 Spells                   Type           Power      Damage    Failure   Level
 Pain                     Necr           0%         1d4       52%         1
 Passage of Golubria      Tloc           0%         N/A       99%         4
 Agony                    Necr           0%         N/A       100%        5
 Excruciating Wounds      Necr           0%         N/A       100%        5
 Yara's Violent Unravell  Hex/Tmut       0%         3d3       100%        5
 Tukima's Dance           Hex            Unusable   N/A       N/A         3

Dungeon Overview and Level Annotations

Branches:
Dungeon (8/15)             Temple (1/1) D:4            Lair (0/6) D:8

Altars:
Ashenzari
Cheibriados
Dithmenos
Fedhas
Gozag
Hepliaklqana
Kikubaaqudgha
Makhleb
Nemelex Xobeh
Okawaru
Qazlal
Sif Muna
Trog
Uskayaw
Vehumet
Xom
Yredelemnul
Zin

Shops:
D:2 ?   D:4 (   D:6 *


Innate Abilities, Weirdness & Mutations

You have razor-sharp teeth.
Your natural rate of healing is unusually fast.
When hurt, damage is shared between your health and your magic reserves.
Your bite disrupts and absorbs the magic of your enemies.
Potions cannot restore your health.
You are partially covered in iridescent scales. (AC +2)
Your mind is acute. (Int +2)
Your flesh is heat resistant. (rF+)


Message History

The gargoyle hits you with a +0 morningstar!!
Unknown command.
You hit the gargoyle but do no damage. You bite the gargoyle.
You drain its power.
You feel invigorated.
The gargoyle is almost destroyed.
You slash the howler monkey! You burn the howler monkey.
The howler monkey hits you but does no damage.
The gargoyle hits you with a +0 morningstar!!
Unknown command.
You are too injured to fight recklessly!
The howler monkey hoots and howls with incredible vigour!
You hear a shout! x4
You block the howler monkey's attack.
Found a potion of curing.
Found a stone staircase leading down.
You slash the centaur zombie! You burn the centaur zombie.
You bite the centaur zombie! You drain its power.
You feel invigorated.
The centaur zombie is almost destroyed.
You slash the howler monkey! You burn the howler monkey.
You kill the howler monkey!
Okawaru accepts your kill. The centaur zombie closely misses you.
The centaur zombie kicks you but does no damage.
The centaur zombie closely misses you. x2
You barely miss the centaur zombie. You bite the centaur zombie.
You destroy the centaur zombie!
Okawaru accepts your kill.
The gargoyle hurls a stone arrow at you.
The stone arrow hits you!!
* * * LOW HITPOINT WARNING * * *
Your base Axes skill increases to level 3!
You hit the gargoyle. You burn the gargoyle.
You bite the gargoyle, but do no damage.
The gargoyle is almost destroyed.
The gargoyle hurls a stone arrow at you.
The stone arrow hits you!!
* * * LOW HITPOINT WARNING * * *
An orc wizard comes into view. It is wielding a +2 vampiric dagger.
The gargoyle hurls a stone arrow at you.
The stone arrow hits you!!
You die...

#. .. #o## ..# #! ...#
##... ... ..###.... >...
###......# .#
....##^.......##..
............<..P.
........@.....P.P P
..##............P .P
#..9.....P.PP.. ...
##..##.......PP...PP.P
.###....#......P...P..>PP
..............P.P.PP.P..PP
..#..............P..P.PPP.
#.##.##......P..P.PP.P.P
## ####.......P.PP.PP...


You could see a gargoyle and an orc wizard.

Vanquished Creatures
  Pikel (D:7)
  Maggie (D:7)
  A yak (D:7)
  Duvessa (D:6)
  7 water moccasins
  3 black bears
  An orc warrior (D:7)
  An ice beast (D:5)
  A necrophage (D:5)
  A phantom (D:7)
  A lemure (D:7)
  A bullfrog (D:7)
  A scorpion (D:6)
  A water moccasin zombie (D:6)
  A water moccasin skeleton (D:7)
  Dowan (D:6)
  4 wights (D:6)
  A howler monkey (D:8)
  2 jellies (D:3)
  4 centaur zombies
  A centaur skeleton (D:7)
  4 hounds
  A bullfrog zombie (D:5)
  3 orc priests
  2 bullfrog skeletons
  Ijyb (D:3)
  5 orc wizards
  4 gnolls (D:7)
  7 adders
  A howler monkey skeleton (D:5)
  3 shadow imps
  3 white imps
  2 dart slugs
  14 orcs
  7 bats
  5 endoplasms
  2 giant cockroaches
  8 goblins
  7 hobgoblins
  2 iguanas
  11 jackals
  10 kobolds
  4 quokkas
  4 ball pythons
  4 frilled lizards
  5 rats
155 creatures vanquished.

Vanquished Creatures (others)
  12 fungi (D:8)
  15 plants (D:8)
27 creatures vanquished.

Grand Total: 182 creatures vanquished

Notes
Turn   | Place    | Note
-------+----------+-------------------------------------------
     0 | D:1      | HallandMoats the Vine Stalker Fighter began the quest for
                  | the Orb.
     0 | D:1      | Reached XP level 1. HP: 11/11 MP: 2/2
    84 | D:1      | Reached XP level 2. HP: 8/16 MP: 3/3
   464 | D:1      | Reached XP level 3. HP: 20/20 MP: 4/4
   891 | D:2      | Reached skill level 1 in Invocations
  1006 | D:2      | Gained mutation: Your mind is acute. (Int +2) [potion of
                  | mutation]
  1006 | D:2      | Gained mutation: Your flesh is heat resistant. (rF+)
                  | [potion of mutation]
  1006 | D:2      | Gained mutation: You are partially covered in iridescent
                  | scales. (AC +2) [potion of mutation]
  1007 | D:2      | HP: 1/20 [poisoned by an adder]
  1201 | D:2      | Gained mutation: Your natural rate of healing is unusually
                  | fast. [Vine Stalker growth]
  1201 | D:2      | Reached XP level 4. HP: 13/24 MP: 3/5
  1234 | D:2      | Found Xaepedd's Magic Scroll Shop.
  1764 | D:3      | Found a shimmering blue altar of Sif Muna.
  1783 | D:3      | Found a shimmering altar of Xom.
  1844 | D:3      | Reached XP level 5. HP: 27/28 MP: 4/7
  1912 | D:3      | Reached skill level 1 in Dodging
  2094 | D:3      | Reached XP level 6. HP: 18/33 MP: 2/8
  2371 | D:3      | Noticed Ijyb
  2391 | D:3      | Killed Ijyb
  2629 | D:4      | Found a blossoming altar of Fedhas.
  2687 | D:4      | Found a staircase to the Ecumenical Temple.
  2698 | Temple   | Entered the Ecumenical Temple
  2744 | Temple   | Became a worshipper of Warmaster Okawaru
  3007 | D:4      | Found Yqumuv's Weapon Boutique.
  3274 | D:5      | Entered Level 5 of the Dungeon
  3352 | D:5      | Identified the +1 robe of the Kraken {rCorr Str+3}
  3399 | D:5      | Noticed a black bear
  3411 | D:5      | Killed a black bear
  3412 | D:5      | Reached XP level 7. HP: 35/37 MP: 10/10
  3485 | D:5      | Reached * piety under Okawaru
  3538 | D:5      | Found a glowing silver altar of Zin.
  3577 | D:5      | Found Zin's Purification Station.
  3601 | D:5      | Bought a potion of curing for 90 gold pieces
  3810 | D:5      | Identified the ring of Zionla {rPois Str+4 Dex+2}
  3939 | D:6      | Found Kequogh's Assorted Antiques.
  3944 | D:6      | Gained mutation: You have razor-sharp teeth. [Vine Stalker
                  | growth]
  3944 | D:6      | Reached XP level 8. HP: 42/42 MP: 11/11
  3948 | D:6      | Bought a scroll labelled MOIRCH TUUPAPS for 20 gold pieces
  4486 | D:6      | Reached skill level 5 in Fighting
  4767 | D:6      | Reached ** piety under Okawaru
  4885 | D:7      | Noticed Duvessa
  4885 | D:7      | Noticed Dowan
  4974 | D:6      | Killed Duvessa
  4982 | D:6      | Killed Dowan
  5144 | D:7      | Reached skill level 5 in Polearms
  5189 | D:7      | Reached skill level 5 in Invocations
  5227 | D:7      | Reached XP level 9. HP: 47/47 MP: 13/13
  5313 | D:7      | Noticed Maggie
  5330 | D:7      | Killed Maggie
  5428 | D:7      | Noticed Pikel
  5485 | D:7      | Killed Pikel
  5485 | D:7      | Reached *** piety under Okawaru
  5486 | D:7      | Reached skill level 1 in Axes
  5555 | D:7      | Noticed a +0 hand axe
  5557 | D:7      | Found a hide-covered altar of Uskayaw.
  5557 | D:7      | Noticed a +0 dagger
  5623 | D:7      | Reached XP level 10. HP: 43/53 MP: 13/15
  5623 | D:7      | Reached **** piety under Okawaru
  5654 | D:8      | Found a staircase to the Lair.
  5670 | D:8      | Reached skill level 5 in Shields
  5737 | D:8      | Noticed a gargoyle
  5753 | D:8      | Killed from afar by a gargoyle

Illustrated notes

Levels and vault maps discovered:
D:1:      minmay_arrival_four_circles, layout_loops_ring
D:2:      layout_rooms, serial_shops, shop_scrolls
D:3:      layout_basic, nicolae_sif_muna_condensation, dk_xom_monty_hall,
          kennysheep_generic_room_6, uniq_ijyb
D:4:      layout_loops_cross, fedhas_altar_2, minmay_temple_entry_tees,
          serial_shops, nicolae_shop_bloodbath_and_beyond, grunt_ministairs_6,
          kennysheep_donut, st_stairs_12
D:5:      layout_loops_ring, zin_purify
D:6:      layout_loops_corners, serial_shops, shop, moated_statue
D:7:      layout_rooms, dancing_weapons_uskayaw, uniq_maggie, uniq_pikel,
          uniq_duvessa
D:8:      layout_cave_pools, nzn_wu_jian_contemplation,
          due_lair_maze_entry_diamond, serial_shops, nicolae_shop_hallway_plus,
          nicolae_shop_behind_doors
Temple:   nicolae_temple_god_jail

Skill      XL: |  1  2  3  4  5  6  7  8  9 10 |
---------------+-------------------------------+-----
Polearms       | 2 3 4 5 |  5.8
Fighting       | 3 4 5 6 |  6.6
Invocations    | 1 2 3 5 6 |  6.5
Shields        | 3 4 5 |  5.0
Dodging        | 1 2 3 |  3.6
Armour         | 3 4 |  4.5
Axes           | 2 3 |  3.0

Action                   |  1- 3 |  4- 6 |  7- 9 | 10-12 || total
-------------------------+-------+-------+-------+-------++-------
Melee: Trident           |    97 |   125 |       |       ||   222
       Bite              |    18 |    52 |    82 |    12 ||   164
       Club              |       |    61 |   205 |       ||   266
       Broad axe         |       |       |    23 |    21 ||    44
Invok: Heroism           |       |       |     1 |       ||     1
  Use: Potion            |     2 |       |       |       ||     2
       Scroll            |       |     5 |     5 |       ||    10
Armor: Scale mail        |    32 |    62 |       |       ||    94
       Ring mail         |       |    41 |   147 |       ||   188
       Acid dragon scale |       |       |    27 |     8 ||    35
Dodge: Dodged            |    24 |   103 |   158 |    26 ||   311
Block: Buckler           |    16 |    59 |    90 |     9 ||   174

Table legend: (Time is in decaauts)
 A = Elapsed time spent in this place.
 B = Non-inter-level travel time spent in this place.
 C = Inter-level travel time spent in this place.
 D = Time resting spent in this place.
 E = Time spent auto-exploring this place.
 F = Levels seen in this place.
 G = Mean time per level.
                   A        B        C        D        E       F      G
               +--------+--------+--------+--------+--------+-----+--------+
         Total |   5930 |   5666 |    264 |     22 |   4085 |   9 |  658.9 |
       Dungeon |   5866 |   5619 |    247 |     22 |   4057 |   8 |  733.2 |
        Temple |     63 |     46 |     17 |      0 |     28 |   1 |   63.0 |
               +--------+--------+--------+--------+--------+-----+--------+

Top non-repeatable levels by time:
     D:6: 1102 daAuts
     D:3: 904 daAuts
     D:1: 883 daAuts
     D:2: 763 daAuts
     D:4: 717 daAuts
     D:5: 685 daAuts
     D:7: 664 daAuts
     D:8: 145 daAuts
  Temple: 63 daAuts
